 Dungeon Crawl Stone Soup version 0.19.0-1-g5985abe (webtiles) character file.

282 Yawgmoth the Cudgeler (level 6, -1/56 HPs)
             Began as a Minotaur Berserker on Nov 2, 2016.
             Was a Believer of Trog.
             Slain by a wight
             ... wielding a +4 hand axe
              (6 damage)
             ... on level 6 of the Dungeon.
             The game lasted 00:25:18 (1725 turns).

Yawgmoth the Cudgeler (Minotaur Berserker)          Turns: 1725, Time: 00:25:19

Health: -1/56      AC:  8    Str: 22 (23) XL:     6   Next: 6%
Magic:  5/5        EV:  7    Int:  9      God:    Trog [**....]
Gold:   122        SH:  0    Dex: 10      Spells: 0 memorised, 5 levels left

rFire  . . .     SeeInvis .     a - +0 mace
rCold  . . .     Gourm    .     e - +0 plate armour
rNeg   . . .     Faith    .     (no shield)
rPois  .         Spirit   .     (helmet unavailable)
rElec  .         Reflect  .     (no cloak)
rCorr  .         Harm     .     (no gloves)
MR     .....     Rnd*Rage +     (no boots)
Stlth  ..........               (no amulet)
                                (no ring)
                                (no ring)

@: brilliant, exhausted, slowed, heavily drained, very slow
A: retaliatory headbutt, horns 3, thin metallic scales 1, berserk 1, blurry
vision 1, deformed body, deterioration 1
a: Berserk, Trog's Hand, Burn Spellbooks, Renounce Religion


You were on level 6 of the Dungeon.
You worshipped Trog.
Trog was pleased with you.
You were very hungry.

You visited 1 branch of the dungeon, and saw 6 of its levels.

You collected 122 gold pieces.

Inventory:

Hand Weapons
 a - a +0 mace (weapon)
 u - a +4 hunting sling
   (You found it on level 3 of the Dungeon)
Missiles
 w - 18 stones
 y - 2 tomahawks of returning (quivered)
Armour
 b - a +0 animal skin
 e - a +0 plate armour (worn)
   (You found it on level 1 of the Dungeon)
 g - a +0 leather armour
   (You found it on level 1 of the Dungeon)
Scrolls
 i - a scroll of enchant weapon {unknown}
 j - a scroll of identify
 l - a scroll of amnesia {unknown}
 m - a scroll of noise {unknown}
 n - a scroll of teleportation {unknown}
 q - a scroll of remove curse
 r - a scroll of immolation {unknown}
 v - a scroll of fog {unknown}
Potions
 d - a potion of haste {unknown}
 f - 2 potions of flight
 s - a potion of agility {unknown}
Comestibles
 c - 2 bread rations {@e1}
 h - 2 meat rations {@e2}
 o - a beef jerky
 t - a royal jelly
 x - 10 chunks of flesh {@w0}


   Skills:
 + Level 5.0(3.4) Fighting
 + Level 5.3(3.6) Maces & Flails
 + Level 4.2(2.6) Armour
 + Level 4.0(2.4) Dodging


You had 5 spell levels left.
You didn't know any spells.

Dungeon Overview and Level Annotations

Branches:
Dungeon (6/15)
 Temple: D:4-7

Altars:
Uskayaw
Vehumet

Shops:
D:5 :


Innate Abilities, Weirdness & Mutations

You reflexively headbutt those who attack you in melee.
You have a pair of large horns on your head.
You are partially covered in thin metallic scales. (AC +2)
You tend to lose your temper in combat.
Scrolls take you a little longer to read.
Armour fits poorly on your strangely shaped body.
Your body sometimes deteriorates upon taking damage.


Message History

The wight freezes you.
You take 19 damage, and have 41/70 hp.
MASSIVE DAMAGE!!
You are too injured to fight recklessly!
You are no longer berserk.
You are exhausted.
You feel yourself slow down.
Items here: $ ) [ † a flail; a ring mail; 8 gold pieces; an orc corpse You now have 29/47 hp.
As you read the scroll labeled SUNWYUJESI, it crumbles to dust.
It is a scroll of identify.
k - 2 potions of curing The wight hits you but does no damage.
The wight hits you with a short sword of freezing.
The wight freezes you.
You take 2 damage, and have 27/47 hp.
It was a potion of mutation.
You feel extremely strange. The horns on your head grow some more.
You feel yourself wasting away.
You feel a little pissed off.
Your skin stops crawling.
You feel less resistant to hostile enchantments.
The wight hits you but does no damage. x2
Really quaff
p - a potion of mutation {!q}?
You feel extremely strange.
Your vision blurs.
Your body twists and deforms.
Thin metallic scales grow over part of your body.
The wight hits you with an enchanted hand axe.
The wight hits you but does no damage. x2
The wight hits you with a short sword of freezing.
You feel drained. The wight freezes you.
You take 6 damage, and have 21/47 hp.
You hit the wight. You headbutt the wight.
The wight hits you with a short sword of freezing.
The wight freezes you.
The wight hits you but does no damage. x2
You take 1 damage, and have 20/47 hp.
You closely miss the wight.
The wight hits you with an enchanted hand axe.
You feel drained.
The wight hits you but does no damage. x2
You take 2 damage, and have 18/47 hp.
Your plate armour prevents you from hitting the wight.
The wight barely misses you. You furiously retaliate!
You headbutt the wight.
The wight hits you with an enchanted hand axe.
* * * LOW HITPOINT WARNING * * *
The wight hits you with a short sword of freezing.
* * * LOW HITPOINT WARNING * * *
You feel drained. The wight freezes you.
* * * LOW HITPOINT WARNING * * *
The wight hits you with an enchanted hand axe.
* * * LOW HITPOINT WARNING * * *
You take 10 damage, and have 8/47 hp.
MASSIVE DAMAGE!!
You hit the wight but do no damage. The wight hits you but does no damage.
The wight hits you with an enchanted hand axe.
* * * LOW HITPOINT WARNING * * *
The wight barely misses you.
You take 2 damage, and have 6/47 hp.
Really read with blurry vision while enemies are nearby?
Okay, then.
Unknown command.
Unknown command.
You hit the wight.
You destroy the wight!
Trog accepts your kill.
Your base Fighting skill increases to level 5!
Your base Dodging skill increases to level 4!
You have reached level 6!
Your experience leads to an increase in your attributes!
Increase (S)trength, (I)ntelligence, or (D)exterity?
You feel stronger. The wight hits you but does no damage.
The wight hits you with an enchanted hand axe.
* * * LOW HITPOINT WARNING * * *
You take 4 damage, and have 2/56 hp.
MP restored: 5 You feel better.
The wight hits you with an enchanted hand axe.
* * * LOW HITPOINT WARNING * * *
You regained 7 hp, and now have 9/56 hp.
You feel better.
The wight hits you with an enchanted hand axe.
* * * LOW HITPOINT WARNING * * *
You feel drained.
* * * LOW HITPOINT WARNING * * *
The wight hits you with an enchanted hand axe!
* * * LOW HITPOINT WARNING * * *
Your body deteriorates!
You feel weakened.
You feel drained.
You take 4 damage, and have 5/56 hp.
Okay, then.
Okay, then.
Unknown command.
It was a potion of brilliance.
You feel clever all of a sudden.
The wight hits you with an enchanted hand axe.
You die...

..........#
........###
..#####...#
#.#.# #.#... #.#
.##
...#####.##(####
.......)z.......
######@###.####
#.# # ..# #..#
#..# .#.# ##..
###


You could see a wight.

Vanquished Creatures
  An orc warrior (D:6)
  A wight (D:6)
  An orc priest (D:6)
  4 gnolls (D:3)
  An adder (D:3)
  A dart slug (D:3)
  4 leopard geckos
  5 orcs
  A ball python (D:1)
  4 giant cockroaches
  5 goblins
  6 hobgoblins
  5 kobolds
  8 bats
  A frilled lizard (D:1)
  5 rats (D:1)
53 creatures vanquished.

Notes
Turn   | Place    | Note
-------+----------+-------------------------------------------
     0 | D:1      | Yawgmoth the Minotaur Berserker began the quest for the Orb.
     0 | D:1      | Reached XP level 1. HP: 19/19 MP: 0/0
   123 | D:1      | Reached XP level 2. HP: 27/27 MP: 1/1
   160 | D:1      | Reached skill level 4 in Maces & Flails
   428 | D:1      | Reached skill level 3 in Armour
   502 | D:1      | Reached XP level 3. HP: 33/33 MP: 2/2
  1277 | D:3      | Found a hide-covered altar of Uskayaw.
  1392 | D:3      | Found a radiant altar of Vehumet.
  1450 | D:3      | Reached ** piety under Trog
  1557 | D:3      | Reached skill level 4 in Fighting
  1590 | D:3      | Reached skill level 3 in Dodging
  1590 | D:3      | Reached XP level 4. HP: 40/40 MP: 3/3
  1655 | D:5      | Entered Level 5 of the Dungeon
  1664 | D:5      | Found Fuet Ser's Book Emporium.
  1701 | D:6      | Noticed an orc warrior
  1709 | D:6      | Killed an orc warrior
  1709 | D:6      | Reached skill level 5 in Maces & Flails
  1709 | D:6      | Reached XP level 5. HP: 47/47 MP: 4/4
  1711 | D:6      | Reached skill level 4 in Armour
  1716 | D:6      | Gained mutation: You have a pair of large horns on your head. [potion of mutation]
  1716 | D:6      | Gained mutation: Your body sometimes deteriorates upon taking damage. [potion of mutation]
  1716 | D:6      | Gained mutation: You tend to lose your temper in combat. [potion of mutation]
  1717 | D:6      | Gained mutation: Scrolls take you a little longer to read. [potion of mutation]
  1717 | D:6      | Gained mutation: Armour fits poorly on your strangely shaped body. [potion of mutation]
  1717 | D:6      | Gained mutation: You are partially covered in thin metallic scales. (AC +2) [potion of mutation]
  1720 | D:6      | HP: 11/47 [wight/short sword of freezing (1)]
  1722 | D:6      | Reached skill level 5 in Fighting
  1722 | D:6      | Reached skill level 4 in Dodging
  1722 | D:6      | Reached XP level 6. HP: 8/56 MP: 5/5
  1722 | D:6      | HP: 2/56 [wight/enchanted hand axe (6)]
  1725 | D:6      | Slain by a wight

Skill      XL: |  1  2  3  4  5 |
---------------+----------------+-----
Maces & Flails | 4 5 |  5.3
Armour         | 3 4 |  4.2
Fighting       | 4 5 |  5.0
Dodging        | 3 4 |  4.0

Action                   |  1- 3 |  4- 6 || total
-------------------------+-------+-------++-------
Melee: Mace              |    71 |    24 ||    95
       Headbutt          |     5 |     4 ||     9
Throw: Tomahawk          |     7 |       ||     7
Invok: Berserk           |     2 |     1 ||     3
       Trog's Hand       |       |     1 ||     1
  Use: Potion            |     1 |     5 ||     6
       Scroll            |     1 |     1 ||     2
  Eat: Chunk             |     4 |       ||     4
Armor: Animal skin       |     9 |       ||     9
       Plate armour      |    36 |    29 ||    65
Dodge: Dodged            |    42 |    21 ||    63

Vault maps used:
D:1:      tarquinn_simple_flora_water_a, serial_corexii_hall,
          corexii_hall_statues_l, corexii_hall_statues_s
D:3:      lemuel_doored_altar, eat_drink_and_be_merry_uskayaw
D:5:      nicolae_overflow_hidden_temple, serial_shops, shop, first_bread
D:6:      old_standard_altar, uniq_eustachio

Table legend:
 A = Turns spent in this place as a percentage of turns spent in the entire game.
 B = Non-inter-level travel turns spent in this place as a percentage of non-inter-level travel turns spent in the entire game.
 C = Inter-level travel turns spent in this place as a percentage of turns spent in this place.
 D = Turns resting spent in this place as a percentage of non-inter-level travel turns spent in this place.
 E = Turns spent auto-exploring this place as a percentage of non-inter-level travel turns spent in this place.
 F = Non-inter-level travel turns spent in this place divided by the number of levels of this place that you've seen.
                   A       B       C       D       E      F
               +-------+-------+-------+-------+-------+----------------------
         Total | 100.0 | 100.0 |   0.3 |   0.5 |  11.7 |  96.7
       Dungeon | 100.0 | 100.0 |   0.3 |   0.5 |  11.7 |  96.7
               +-------+-------+-------+-------+-------+----------------------

Table legend:
 A = Kills in this place as a percentage of kills in entire the game.
 B = Kills by you in this place as a percentage of kills by you in the entire game.
 C = Kills by friends in this place as a percentage of kills by friends in the entire game.
 D = Other kills in this place as a percentage of other kills in the entire game.
 E = Experience gained in this place as a percentage of experience gained in the entire game.
 F = Experience gained in this place divided by the number of levels of this place that you have seen.
                   A       B       C       D       E      F
               +-------+-------+-------+-------+-------+----------------------
         Total | 100.0 | 100.0 |  -nan |  -nan | 100.0 |  67.2
       Dungeon | 100.0 | 100.0 |  -nan |  -nan | 100.0 |  67.2
               +-------+-------+-------+-------+-------+----------------------
